Map: Abyssal Reef LE

Players

HeltEn

  • Race: Terran Terran
  • Spawn Location: 11:00

Cham - Winner!

  • Race: Zerg Zerg
  • Spawn Location: 5:00

Event: WCS Jonkoping 2017

VOD

Have the link to the VOD?

Description

Time

  • Played on: June 17, 2017, 10:16 a.m.
  • Length: 19:52

All games in this series

Show
View Real Time Build Order
Export as new Build Order

HeltEn Terran 

Build Orders: Liberator Opening, MMM Bio 

Get SALT Encoding   

  12  0:00  SCV  
  13  0:13  SCV  
  14  0:17  Supply Depot  
  14  0:25  SCV  
  15  0:38  SCV  
  15  0:40  Barracks  
  16  0:43  Refinery  
  16  0:50  SCV  
  17  1:03  SCV  
  18  1:15  SCV  
  19  1:26  Marine  
  19  1:27  Orbital Command  
  20  1:41  Command Center  
  20  1:44  Marine  
  21  1:55  Factory  
  22  2:04  Supply Depot  
  22  2:06  Barracks Reactor  
  21  2:08  SCV  
  22  2:19  Refinery  
  22  2:20  SCV  
  23  2:33  SCV  
  24  2:41  Starport  
  24  2:46  SCV  
  24  2:49  Hellion x2, Barracks Tech Lab  
  29  2:56  Orbital Command  
  29  3:00  SCV  
  30  3:10  Hellion  
  30  3:12  Hellion  
  34  3:17  SCV  
  34  3:18  Medivac  
  37  3:22  SCV  
  38  3:31  SCV  
  38  3:33  Armory  
  39  3:35  Hellion  
  41  3:43  SCV  
  42  3:48  Supply Depot  
  42  3:50  Hellion  
  42  3:54  SCV  
  42  3:55  Liberator, SCV  
  46  4:10  Hellion, SCV x2  
  46  4:13  Supply Depot  
  46  4:15  Supply Depot  
  53  4:23  SCV  
  54  4:35  Hellion, SCV x2  
  58  4:47  SCV x2  
  60  4:53  Command Center  
  60  4:59  SCV x2  
  62  5:05  Cloaking Field  
  62  5:06  Banshee  
  65  5:11  SCV x2  
  67  5:23  SCV  
  67  5:24  Barracks Tech Lab  
  67  5:25  Factory Reactor  
  66  5:28  Barracks  
  66  5:29  SCV  
  66  5:32  Barracks  
  66  5:35  SCV, Engineering Bay  
  68  5:37  Engineering Bay  
  68  5:41  SCV  
  69  5:47  SCV  
  70  5:56  Banshee  
  70  5:57  Stimpack  
  70  5:59  Supply Depot  
  70  6:01  Refinery  
  70  6:02  Refinery, Supply Depot  
  70  6:04  Terran Infantry Armor Level 1, Marine, Terran Infantry Weapons Level 1  
  70  6:07  Orbital Command, Factory Tech Lab  
  71  6:19  SCV x2, Barracks  
  71  6:20  Barracks  
  73  6:28  Marine  
  73  6:29  Marauder, Marine x3  
  73  6:31  SCV x2  
  81  6:45  Supply Depot  
  81  6:46  Siege Tank  
  84  6:47  Orbital Command  
  84  6:48  Supply Depot  
  84  6:49  SCV  
  84  6:50  SCV  
  84  6:51  Marauder, Starport Reactor  
  88  6:57  Marine x3  
  88  6:59  Supply Depot  
  91  7:06  Marine  
  91  7:07  Barracks Reactor, Barracks Tech Lab  
  92  7:08  Supply Depot x2  
  92  7:09  SCV x2  
  92  7:12  Marauder  
  92  7:15  SCV  
  97  7:18  Siege Tank  
  97  7:19  Marine x2  
  97  7:21  SCV x2  
  104  7:26  Marauder, Marine x2  
  104  7:27  SCV  
  109  7:32  Medivac  
  109  7:33  Marauder, SCV x2  
  115  7:37  Marine x2  
  115  7:44  Marine x2  
  117  7:46  Marine x2, Combat Shields  
  117  7:48  Marauder  
  117  7:51  SCV x2  
  125  7:55  Marauder, Marine  
  125  7:57  Marine, Supply Depot  
  125  7:58  Concussive Shells  
  129  7:59  Supply Depot  
  129  8:00  Siege Tank  
  129  8:01  Marine  
  129  8:02  Marine  
  134  8:12  Marine x2  
  134  8:13  Marauder  
  134  8:14  Marine  
  134  8:15  Marine  
  134  8:16  Marauder  
  134  8:17  Medivac  
  141  8:21  Marine x2  
  143  8:29  Barracks  
  143  8:30  Marine, Barracks  
  143  8:33  Barracks  
  144  8:38  Marine  
  144  8:39  Siege Tank, Marauder, Marine x2  
  144  8:49  Marine  
  144  8:50  Marine  
  115  8:55  Marine  
  115  8:56  Marine x2  
  115  8:57  Medivac x2  
  115  8:59  SCV x2  
  115  9:00  Marauder, SCV  
  124  9:07  Refinery  
  124  9:08  Refinery  
  124  9:09  Terran Infantry Armor Level 2, Terran Infantry Weapons Level 2  
  122  9:11  SCV  
  122  9:12  SCV  
  122  9:15  Marauder, Marine x5  
  131  9:26  Marine x3  
  131  9:27  Marauder, Marine  
  137  9:32  Sensor Tower  
  137  9:36  Marauder, Marine  
  137  9:37  Marine x2, Supply Depot  
  142  9:38  Supply Depot  
  142  9:45  Marine x3  
  143  9:46  Barracks Tech Lab x3  
  143  9:48  Marauder  
  147  9:56  Marine x3, Supply Depot  
  147  9:58  Marauder  
  152  10:03  Terran Vehicle Weapons Level 1  
  152  10:09  Marauder  
  152  10:10  Marauder, Marine x2  
  152  10:11  Marauder  
  152  10:13  Command Center  
  160  10:19  Marauder  
  158  10:27  Marine  
  158  10:28  Marauder, Marine x3  
  163  10:31  Marauder  
  163  10:32  Ghost Academy, Medivac x2  
  151  10:38  Marine x2  
  151  10:39  Marauder x2  
  151  10:40  Marine  
  158  10:43  Missile Turret  
  158  10:45  Marine  
  162  10:50  Siege Tank  
  162  11:01  Supply Depot  
  162  11:02  Supply Depot  
  162  11:03  Supply Depot  
  162  11:08  Ghost x3  
  168  11:15  Ghost  
  169  11:23  Marine x2, Ghost  
  169  11:24  Marine  
  173  11:26  Supply Depot  
  173  11:38  Planetary Fortress  
  173  11:39  Ghost x2  
  172  11:46  Ghost  
  177  11:57  Reaper, Ghost x2  
  181  12:07  Marine x2  
  181  12:08  Marine, Ghost x2  
  184  12:14  Refinery x2  
  184  12:15  Supply Depot, Ghost  
  188  12:16  Supply Depot  
  188  12:18  Medivac x2  
  188  12:21  Marine x2  
  197  12:36  Missile Turret  
  199  12:40  Terran Infantry Weapons Level 3  
  199  12:41  Terran Infantry Armor Level 3  
  195  12:48  Medivac x2  
  195  12:49  Command Center  
  195  12:50  Marine  
  200  13:01  Ghost  
  200  13:07  Unknown x3  
  200  13:11  Terran Ship Weapons Level 1  
  200  13:12  Liberator  
  200  13:13  Liberator  
  200  13:14  Starport x2  
  180  13:23  Ghost x3  
  180  13:26  Marine x2  
  188  13:28  Marine x3  
  197  13:38  Marine, Ghost  
  200  13:48  Marine x2, Ghost  
  186  13:59  Starport Reactor  
  186  14:02  Starport Tech Lab  
  186  14:03  Fusion Core  
  186  14:04  Ghost  
  188  14:13  Missile Turret  
  188  14:21  Ghost  
  188  14:23  Liberator x2, Ghost  
  190  14:24  Marine  
  190  14:25  Marauder  
  190  14:30  Liberator  
  195  14:34  Unknown x5  
  195  14:37  Planetary Fortress  
  199  14:56  Advanced Ballistics  
  199  15:06  Sensor Tower  
  199  15:12  Refinery x2  
  192  15:33  Marine x2  
  192  15:34  Marauder x3, Marine x2  
  190  15:43  Medivac x3  
  194  16:06  Marine x3, Ghost x2  
  200  16:16  Command Center  
  200  16:17  Medivac  
  200  16:19  Command Center, Ghost  
  200  16:20  Marine  
  198  16:26  Sensor Tower, Terran Ship Weapons Level 2  
  198  16:32  Ghost  
  200  16:55  Liberator  
  199  17:26  Marine  
  200  17:30  Orbital Command  
  197  17:49  Marauder, Marine  
  200  17:56  Liberator x4  
  173  18:10  Marine  
  173  18:11  Marine x3  
  173  18:12  Marauder  
  189  18:24  Marauder x3, Marine x3  
  198  18:28  Marine  
  199  18:37  Missile Turret x2  
  199  18:38  Marine  
  199  18:40  Missile Turret  
  197  18:54  Ghost x4  
  197  18:55  Marine x2  
  130  19:24  Marine  
  108  19:37  Unknown  
Show
View Real Time Build Order
Export as new Build Order

Cham Zerg - Winner!

Build Orders: Hatch First 

Get SALT Encoding   

  12  0:01  Drone  
  13  0:08  Drone  
  14  0:16  Overlord  
  15  0:35  Drone x2  
  15  0:36  Drone  
  17  0:52  Hatchery  
  17  0:55  Drone  
  17  0:59  Drone  
  17  1:01  Extractor  
  17  1:14  Spawning Pool  
  17  1:17  Drone  
  17  1:20  Drone  
  18  1:30  Drone  
  19  1:40  Overlord  
  19  2:01  Queen, Metabolic Boost  
  19  2:03  Queen, Zergling x2  
  19  2:06  Zergling x2  
  25  2:09  Zergling x2  
  25  2:13  Drone  
  27  2:18  Overlord  
  27  2:23  Drone  
  27  2:28  Drone  
  29  2:35  Overlord  
  29  2:37  Queen  
  29  2:42  Drone  
  32  2:44  Drone  
  32  2:48  Drone  
  34  2:56  Drone  
  34  2:58  Drone  
  36  3:06  Drone  
  36  3:09  Drone  
  36  3:10  Drone x2  
  36  3:12  Drone x3  
  42  3:14  Drone  
  43  3:23  Hatchery  
  43  3:25  Drone  
  43  3:34  Overlord  
  43  3:44  Overlord  
  43  3:50  Overlord  
  43  3:52  Queen x2  
  43  3:55  Drone x4  
  51  3:59  Overlord  
  51  4:05  Zergling x2, Drone x3  
  51  4:09  Drone  
  56  4:13  Evolution Chamber  
  56  4:16  Drone  
  56  4:20  Overlord  
  56  4:21  Drone x3  
  59  4:28  Zergling x2  
  60  4:34  Lair  
  60  4:37  Drone x2  
  55  4:40  Zergling x2  
  55  4:44  Zergling x2  
  56  4:47  Zergling x2  
  56  4:49  Zergling x2  
  56  4:50  Zerg Ground Armor Level 1  
  58  4:53  Drone  
  58  4:59  Drone  
  61  5:00  Extractor, Drone x4  
  61  5:02  Extractor, Drone x2  
  61  5:03  Drone  
  61  5:05  Drone  
  66  5:09  Queen, Zergling x2  
  66  5:10  Queen  
  66  5:13  Spore Crawler  
  70  5:15  Zergling x2  
  70  5:19  Zergling x4  
  70  5:20  Zergling x4  
  75  5:22  Drone  
  75  5:27  Spore Crawler  
  72  5:31  Drone  
  72  5:32  Drone  
  72  5:34  Queen  
  72  5:35  Extractor  
  75  5:36  Drone x3  
  75  5:42  Drone x3  
  81  5:43  Zergling x2  
  81  5:49  Drone x2  
  84  5:50  Overlord  
  82  5:59  Drone  
  82  6:00  Drone x3  
  82  6:01  Roach Warren  
  85  6:04  Overseer, Drone  
  85  6:06  Drone  
  85  6:09  Drone  
  88  6:12  Extractor, Infestation Pit  
  88  6:13  Extractor  
  88  6:15  Drone  
  88  6:17  Overlord  
  86  6:21  Drone  
  86  6:22  Drone x3  
  86  6:24  Overlord  
  90  6:30  Drone x2  
  90  6:31  Overlord  
  92  6:34  Drone  
  92  6:35  Drone  
  92  6:37  Drone  
  95  6:41  Drone x2  
  95  6:44  Glial Reconstitution  
  97  6:47  Hatchery  
  97  6:49  Zerg Ground Armor Level 2  
  97  6:54  Drone x2  
  98  6:57  Infestor x2  
  98  7:01  Roach x2  
  106  7:03  Roach  
  106  7:07  Hive  
  108  7:11  Roach x2  
  108  7:13  Roach  
  114  7:16  Roach x2  
  114  7:18  Roach  
  114  7:22  Overseer  
  119  7:25  Roach  
  119  7:29  Overseer  
  120  7:30  Overlord  
  120  7:34  Drone x2  
  118  7:38  Drone x3  
  118  7:39  Drone  
  118  7:41  Drone x3  
  118  7:44  Drone x2  
  121  7:46  Overlord  
  121  7:49  Overlord  
  121  7:50  Ravager x4  
  125  7:52  Drone x3  
  125  7:53  Extractor  
  125  7:56  Drone x2  
  129  7:59  Extractor  
  129  8:04  Overlord  
  128  8:14  Drone x2  
  128  8:15  Roach x5  
  128  8:18  Roach x2  
  144  8:21  Roach  
  144  8:23  Roach  
  144  8:25  Ravager x3  
  151  8:28  Roach x2  
  151  8:29  Roach x2  
  151  8:32  Zergling x2  
  160  8:35  Overlord x2  
  160  8:37  Ultralisk Cavern  
  160  8:40  Zergling x2  
  144  8:56  Drone x4  
  144  9:01  Drone x5  
  150  9:03  Ravager x3  
  150  9:04  Zergling x4  
  150  9:07  Zerg Ground Armor Level 3  
  150  9:09  Hatchery  
  154  9:11  Zergling x2  
  154  9:12  Zergling x2  
  154  9:13  Overlord  
  154  9:14  Adrenal Glands  
  154  9:15  Zergling x4  
  158  9:18  Zergling x2  
  159  9:25  Spine Crawler  
  159  9:26  Spore Crawler, Overseer  
  159  9:27  Drone x2  
  159  9:29  Chitinous Plating  
  159  9:33  Ultralisk  
  159  9:36  Zergling x2  
  159  9:37  Zergling x6  
  169  9:38  Ultralisk  
  169  9:40  Overlord x2  
  175  9:47  Ultralisk  
  181  9:57  Overlord  
  181  9:58  Overlord  
  179  10:02  Spire  
  179  10:03  Baneling Nest  
  179  10:06  Burrow  
  169  10:36  Ultralisk x2  
  169  10:37  Drone x3  
  169  10:40  Drone x2  
  186  10:45  Centrifical Hooks  
  186  10:46  Extractor  
  186  10:47  Extractor  
  179  10:50  Ravager x4  
  179  10:51  Zergling x6  
  179  10:52  Zergling x2  
  179  10:53  Zergling x2  
  179  10:54  Infestor  
  190  10:58  Infestor  
  190  11:01  Drone  
  193  11:10  Infestor  
  195  11:19  Greater Spire  
  195  11:22  Ravager  
  195  11:23  Zergling x2  
  195  11:24  Zergling x6  
  200  11:27  Baneling x5  
  200  11:45  Zerg Melee Weapons Level 1  
  200  11:50  Overseer  
  196  12:26  Hatchery  
  195  12:34  Zerg Flyer Armor Level 1  
  195  12:44  Corruptor x2  
  197  13:29  Corruptor  
  197  13:33  Spine Crawler  
  198  13:36  Corruptor, Spore Crawler  
  198  13:37  Corruptor  
  192  13:43  Drone x2  
  194  13:52  Baneling x8  
  194  13:54  Ravager  
  194  13:55  Ravager x5  
  200  14:03  Overseer  
  200  14:12  Zerg Melee Weapons Level 2  
  200  14:13  Overseer  
  200  14:28  Zerg Flyer Weapons Level 1  
  198  15:43  Corruptor  
  200  15:50  Spine Crawler  
  200  15:52  Spore Crawler  
  197  16:00  Corruptor  
  197  16:01  Drone  
  198  16:28  Zerg Melee Weapons Level 3  
  198  16:38  Drone  
  199  16:40  Zerg Flyer Armor Level 2  
  199  17:13  Extractor  
  199  17:15  Extractor  
  197  17:18  Spore Crawler, Spine Crawler  
  197  17:19  Drone x3  
  197  17:20  Drone  
  171  18:18  Corruptor, Brood Lord x7  
  171  18:19  Corruptor x6  
  193  18:56  Infestor x2  
  193  19:01  Corruptor  
  143  19:33  Zergling x4  
Tags
 
Add a new tag
Caveats
  • Supply blocks, unpowered buildings, or Contaminate may cause inaccurate times.
  • Supply counts are checked every 10 seconds.